 Dungeon Crawl Stone Soup version 0.24.0-41-g2ae2f7f1be (webtiles) character file.

Game seed: 17684408567994024970, levelgen mode: deterministic

51 H0rd4k the Magician (level 3, 0/19 HPs)
             Began as a Deep Elf Wizard on Dec 11, 2019.
             Asphyxiated
             ... on level 2 of the Dungeon.
             The game lasted 00:02:50 (1152 turns).

H0rd4k the Magician (Deep Elf Wizard)               Turns: 1152, Time: 00:02:50

Health: 0/19       AC:  2    Str:  4    XL:     3   Next: 57%
Magic:  10/12      EV: 13    Int: 23    God:
Gold:   41         SH:  0    Dex: 13    Spells: 4/13 levels left

rFire    . . .     SeeInvis .   (no weapon)
rCold    . . .     Gourm    .   (no shield)
rNeg     . . .     Faith    .   a - +0 robe
rPois    .         Spirit   .   b - +0 hat
rElec    .         Reflect  .   (no cloak)
rCorr    .         Harm     .   (no gloves)
MR       .....                  (no boots)
Stlth    ++........             l - amulet of magic regeneration
HPRegen  0.06/turn              (no ring)
MPRegen  0.38/turn              (no ring)

@: lethally poisoned (0 -> -16), slowed, very slow
A: no striking features
a: no special abilities


You were on level 2 of the Dungeon.
You were hungry.

You visited 1 branch of the dungeon, and saw 2 of its levels.

You collected 41 gold pieces.

Inventory:

Missiles
 m - 3 poisoned darts (quivered)
Armour
 a - a +0 robe (worn)
 b - a +0 hat (worn)
Jewellery
 l - an amulet of magic regeneration (around neck)
Scrolls
 e - a scroll of blinking {unknown}
 f - a scroll of amnesia {unknown}
 g - a scroll of immolation {unknown}
 h - 2 scrolls of identify {unknown}
 i - 2 scrolls of remove curse {unknown}
Potions
 c - a potion of lignification {unknown}
 j - a potion of degeneration {unknown}
 k - a potion of agility {unknown}
Comestibles
 d - 2 rations


   Skills:
 + Level 3.1 Dodging
 + Level 2.5 Stealth
 + Level 5.9 Spellcasting
 + Level 1.3 Conjurations
   Level 1.1 Summonings
 + Level 1.1 Translocations


You had 4 spell levels left.
You knew the following spells:

 Your Spells              Type           Power        Failure   Level  Hunger
a - Magic Dart            Conj           ##..         4%          1    None
b - Blink                 Tloc           N/A          9%          2    None
c - Conjure Flame         Conj/Fire      #.......     21%         3    #......
d - Mephitic Cloud        Conj/Pois/Air  #.......     22%         3    #......

Your spell library contained the following spells:

 Spells                   Type           Power        Failure   Level  Hunger
 Call Imp                 Summ           ##......     9%          2    None
 Slow                     Hex            #.......     13%         2    None


Dungeon Overview and Level Annotations

Branches:
Dungeon (2/15)

Altars:
Fedhas


Message History

The goblin throws a curare-tipped dart.
The curare-tipped dart hits you.
You are lethally poisoned!
You have difficulty breathing.
You feel yourself slow down.
You see here a curare-tipped dart.
You feel sick.
The goblin throws a curare-tipped dart.
The curare-tipped dart barely misses you.
The goblin throws a curare-tipped dart.
The curare-tipped dart misses you.
You see here 2 curare-tipped darts.
Casting: Magic Dart (safe; 4% risk of failure)
Confirm with . or Enter, or press ? or * to list all spells.
Aiming: Conjure Flame (safe; 21% risk of failure)
Press: ? - help, Dir - move target cursor The fire ignites!
You feel sick.
The goblin throws a curare-tipped dart.
The curare-tipped dart barely misses you.
* * * LOW HITPOINT WARNING * * *
You feel sick.
The goblin throws a curare-tipped dart.
The curare-tipped dart hits you.
You are more poisoned.
You have difficulty breathing.
You die...

#..#.........#
#.......)# #####
#######.#.#)## ......
#.........#.###...###
#.......###..........
#)......# ##..######
#.......# #.##
#.......# #.#
#####.#### #@#.......
#..#S###(#.8...8.
#...?#..(#...oo..
#.........#.o.o...
#.$......#§#.g.....
..(........#.#.8...8.
###.....†..#.#†......
##.....#.#.g.......
##.).##.####....##


You could see a goblin.

Vanquished Creatures
  An adder (D:2)
  4 dart slugs
  A leopard gecko (D:1)
  3 bats (D:1)
  3 giant cockroaches
  4 goblins
  7 hobgoblins
  2 frilled lizards (D:1)
  3 kobolds (D:1)
  2 rats (D:1)
30 creatures vanquished.

Notes
Turn   | Place    | Note
-------+----------+-------------------------------------------
     0 | D:1      | H0rd4k the Deep Elf Wizard began the quest for the Orb.
     0 | D:1      | Reached XP level 1. HP: 10/10 MP: 7/7
   193 | D:1      | Reached XP level 2. HP: 15/15 MP: 2/9
   312 | D:1      | Reached skill level 5 in Spellcasting
   640 | D:1      | Reached XP level 3. HP: 14/19 MP: 6/12
  1020 | D:1      | Learned a level 2 spell: Blink
  1024 | D:1      | Learned a level 3 spell: Conjure Flame
  1028 | D:1      | Learned a level 3 spell: Mephitic Cloud
  1082 | D:2      | Found a blossoming altar of Fedhas.
  1152 | D:2      | Asphyxiated

Levels and vault maps discovered:
D:1:      tarquinn_simple_flora_water_c, layout_basic, minivault_27,
          minmay_cupped
D:2:      cheibrodos_pilgrimage, layout_loops_ring, lemuel_crystal_altar,
          minmay_crystal_room, uniq_jessica, uniq_terence

Skill      XL: |  1  2 |
---------------+-------+-----
Spellcasting   | 5 |  5.9
Dodging        | 3 |  3.1
Stealth        | |  2.5
Conjurations   | |  1.3
Summonings     | |  1.1
Translocations | |  1.1

Action                   || total
-------------------------++-------
 Cast: Magic Dart        ||    82
       Conjure Flame     ||     1
Armor: Robe              ||     2
Dodge: Dodged            ||    14
